AoeStats
← Peyotl

Arabia

505742512Analyzed
3v3 RM · 20d ago on Sep 10, 2026· 51m 49s· 6 players
Game mode
Random Map
Map size
Normal (6 player)
Population
200
Speed
Normal
Resources
Standard
Victory
Conquest
Starting age
Dark Age
Ending age
Imperial Age
RankedLock teamsTeams togetherTeam positionsShared explorationLock speedFull tech treeHidden civsTurbo modeCheats
Victory
Defeat
🇵🇾 Japanese · Paraguay
778
+14
🇨🇱 Mongols · Chile
733
+16
🇲🇽 Huns · Mexico
664
+19
🇲🇽 Chinese · Mexico
882
-64
🇲🇽 Maya · Mexico
648
-13
🇲🇽 Mongols · Mexico
647
-13
crazy84aac
8:43 Loom
10:50 Feudal Age
11:41 Double-Bit Axe
14:32 Horse Collar
16:15 Bloodlines
19:05 Forging
20:34 Scale Barding Armor
23:05 Scale Mail Armor
28:08 Castle Age
30:54 Pikeman
34:49 Bow Saw
36:45 Fletching
40:50 Bodkin Arrow
41:19 Chain Barding Armor
41:24 Stone Mining
46:09 Wheelbarrow
46:00 Elite Skirmisher
50:48 Ballistics
50:21 Crossbowman
Cbabas10
0:31 Loom
10:06 Feudal Age
10:40 Double-Bit Axe
12:13 Wheelbarrow
13:05 Horse Collar
18:12 Gold Mining
22:44 Castle Age
23:32 Crossbowman
24:17 Padded Archer Armor
24:09 Fletching
26:47 Pikeman
32:55 Thumb Ring
37:37 Man-at-Arms
40:21 Bodkin Arrow
40:41 Leather Archer Armor
46:20 Bow Saw
AIOROS
0:31 Loom
10:28 Feudal Age
11:03 Double-Bit Axe
12:41 Horse Collar
17:34 Wheelbarrow
20:26 Castle Age
18:54 Fletching
20:12 Padded Archer Armor
21:57 Bodkin Arrow
22:18 Leather Archer Armor
21:52 Pikeman
23:12 Gold Mining
23:12 Stone Mining
23:36 Bow Saw
24:15 Treadmill Crane
24:00 Crossbowman
25:54 Masonry
27:05 Forging
26:56 Scale Mail Armor
29:02 Ballistics
29:37 Iron Casting
29:17 Chain Mail Armor
30:29 Murder Holes
32:09 Fortified Wall
32:34 Thumb Ring
36:44 Imperial Age
35:59 Hand Cart
35:29 Town Watch
35:51 Squires
35:37 Arson
39:33 Blast Furnace
39:04 Plate Mail Armor
39:07 Architecture
38:04 Capped Ram
39:12 Bracer
39:42 Ring Archer Armor
40:07 Ring Archer Armor
41:24 Chemistry
41:56 Halberdier
42:16 Arbalester
43:35 Eagle Warrior
45:17 Elite Skirmisher
48:17 Hul'che Javelineers
elchoromota
10:57 Feudal Age
12:07 Horse Collar
12:13 Double-Bit Axe
14:04 Gold Mining
14:21 Loom
17:01 Forging
16:57 Scale Barding Armor
17:07 Bloodlines
20:58 Wheelbarrow
25:22 Castle Age
26:54 Iron Casting
26:57 Bow Saw
26:48 Heavy Plow
27:18 Husbandry
30:19 Thumb Ring
30:08 Fletching
30:19 Padded Archer Armor
30:18 Fishing Lines
31:29 Stone Mining
32:40 Murder Holes
33:07 Ballistics
33:31 Gillnets
36:03 Stone Shaft Mining
35:35 Nomads
36:13 Gold Shaft Mining
37:01 Masonry
36:48 Bodkin Arrow
37:56 Leather Archer Armor
41:48 Imperial Age
40:19 Hand Cart
41:56 Town Watch
42:26 Caravan
42:57 Coinage
42:32 Bracer
43:08 Parthian Tactics
42:20 Heavy Cavalry Archer
44:45 Chemistry
44:48 Blast Furnace
45:01 Drill
52:04 Scale Mail Armor
52:25 Chain Barding Armor
52:12 Siege Engineers
52:17 Fortified Wall
51:58 Guard Tower
52:18 Careening
52:18 Clinker Construction
52:29 Shipwright
52:14 Siphons
51:34 Crossbowman
51:34 Elite Skirmisher
51:36 Man-at-Arms
51:37 Pikeman
52:17 Squires
52:02 Arson
51:41 Light Cavalry
51:42 Cavalier
Peyotl
1:54 Loom
15:14 Feudal Age
17:17 Wheelbarrow
16:41 Gold Mining
16:35 Horse Collar
16:48 Stone Mining
16:46 Double-Bit Axe
17:09 Arson
17:55 Bloodlines
20:24 Forging
21:07 Scale Barding Armor
24:39 Scale Mail Armor
24:04 Man-at-Arms
26:24 Padded Archer Armor
27:28 Fletching
32:56 Castle Age
33:18 Light Cavalry
33:20 Pikeman
34:17 Hand Cart
34:05 Heavy Plow
34:19 Bow Saw
34:49 Gold Shaft Mining
33:42 Elite Skirmisher
35:05 Squires
35:08 Husbandry
35:48 Iron Casting
36:16 Coinage
38:56 Marauders
39:45 Murder Holes
40:11 Chain Mail Armor
39:31 Long Swordsman
41:10 Ballistics
42:32 Masonry
42:22 Caravan
43:46 Chain Barding Armor
46:34 Leather Archer Armor
47:42 Bodkin Arrow
50:23 Imperial Age
52:10 Two-Man Saw
52:13 Chemistry
51:51 Plate Barding Armor
51:41 Conscription
50:47 Elite Tarkan
50:50 Halberdier
51:05 Capped Ram
MPMJerry
6:10 Loom
9:37 Feudal Age
12:35 Double-Bit Axe
14:10 Horse Collar
21:17 Castle Age
23:32 Wheelbarrow
23:57 Scale Barding Armor
25:21 Forging
25:11 Scale Mail Armor
25:32 Chain Barding Armor
25:28 Gold Mining
27:28 Bow Saw
28:15 Ballistics
30:17 Stone Mining
32:13 Iron Casting
31:53 Chain Mail Armor
32:54 Hand Cart
40:23 Gold Shaft Mining
42:06 Chain Mail Armor
41:41 Fletching
44:26 Town Watch
47:18 Imperial Age
45:07 Murder Holes
45:03 Guard Tower
45:53 Treadmill Crane
46:23 Masonry
47:34 Bodkin Arrow
48:22 Heavy Scorpion
48:23 Capped Ram
49:21 Onager
Connection lost

Rejoining the realm…

Still unreachable

The connection could not be restored.

Session expired

The server has moved on; the page needs a fresh start.